 Dungeon Crawl Stone Soup version 0.31.0-9-g3a7656b989 (webtiles) character file.

Game seed: 17731363874700094056

21 Strat the Ducker (level 2, -3/20 HPs)
             Began as a Merfolk Air Elementalist on Jan 24, 2024.
             Was a Follower of Hepliaklqana.
             Slain by Robin
             ... wielding a +0 short sword
              (4 damage)
             ... on level 1 of the Dungeon.
             The game lasted 00:02:54 (1174 turns).

Strat the Ducker (Merfolk Air Elementalist)         Turns: 1174, Time: 00:02:55

Health: -3/20      AC:  5    Str:  8    XL:     2   Next: 87%
Magic:  1/5        EV: 12    Int: 14    God:    Hepliaklqana [*.....]
Gold:   51         SH:  0    Dex: 14    Spells: 4/5 levels left

rFire   . . .        c - +0 dagger
rCold   . . .        (no shield)
rNeg    . . .        d - +0 leather armour
rPois   .            i - +1 hat
rElec   .            (no cloak)
rCorr   .            (no gloves)
SInv    .            l - +0 pair of boots
Will    .....        (no amulet)
Stlth   ++           (no ring)
HPRegen 0.23/turn    (no ring)
MPRegen 0.09/turn

%: no passive effects
@: no status effects
A: reduced essence, (nimble swimmer 2), mertail
a: Renounce Religion, Recall Ancestor, Ancestor Identity


You were on level 1 of the Dungeon.
You worshipped Hepliaklqana.
Hepliaklqana was aware of your devotion.
You visited 1 branch of the dungeon, and saw 2 of its levels.

You collected 51 gold pieces.

Inventory:

Hand Weapons
 c - a +0 dagger (weapon)
Missiles
 j - 3 poisoned darts
Armour
 d - a +0 leather armour (worn)
 i - a +1 hat (worn)
 l - a +0 pair of boots (worn)
Scrolls
 e - a scroll of enchant armour {unknown}
 f - a scroll of teleportation {unknown}
 g - a scroll of noise {unknown}
 k - 3 scrolls of identify {unknown}
Potions
 a - a potion of resistance {unknown}
 b - 2 potions of magic
 h - a potion of might {unknown}


   Skills:
 + Level 2.6 Fighting
 - Level 2.6 Dodging
 - Level 2.1 Stealth
 - Level 2.0 Spellcasting
 - Level 0.7 Conjurations
 - Level 2.4 Air Magic


You had 4 spell levels left.
You knew the following spells:

 Your Spells              Type           Power      Damage    Failure   Level
a - Shock                 Conj/Air       20%        1d4       19%         1

Your spell library contained the following spells:

 Spells                   Type           Power      Damage    Failure   Level
 Static Discharge         Conj/Air       10%        3-4/arc   28%         2
 Swiftness                Air            8%         N/A       36%         3
 Tukima's Dance           Hex            1%         N/A       71%         3
 Airstrike                Air            4%         2d(1-17)  78%         4
 Iskenderun's Mystic Bla  Conj/Tloc      2%         2d3       96%         4
 Dimensional Bullseye     Hex/Tloc       0%         N/A       98%         4


Dungeon Overview and Level Annotations

Branches:
Dungeon (2/15)

Altars:
Cheibriados
Hepliaklqana

Shops:
D:1 !

Annotations:
D:1 Robin


Innate Abilities, Weirdness & Mutations

Your life essence is reduced to manifest your ancestor. (-10% HP)
((You are very nimble when in or above water. (Stealth+, EV+, Speed+++)))
Your lower body shifts to a powerful aquatic tail in water.


Message History

Robin barely misses you.
You hit Robin.
Robin is severely wounded.
Robin hits you with a +0 short sword.
* * * LOW HITPOINT WARNING * * *
You hit Robin but do no damage.
Robin is severely wounded.
Robin misses you.
Your magical contamination has completely faded away.
You barely miss Robin.
Robin is severely wounded.
Robin hits you with a +0 short sword.
* * * LOW HITPOINT WARNING * * *
You hit Robin but do no damage.
Robin is severely wounded.
Robin hits you with a +0 short sword.
* * * LOW HITPOINT WARNING * * *
You closely miss Robin.
Robin is severely wounded.
Robin hits you but does no damage.
You closely miss Robin.
Robin is severely wounded.
Robin closely misses you.
Casting: Shock (safe; 19% risk of failure)
Confirm with . or Enter, or press ? or * to list all spells.
Aiming: Shock (safe; 19% risk of failure)
Press: ? - help, Shift-Dir - straight line The zap hits Robin but does no damage.
Robin is severely wounded.
Robin barely misses you.
Unknown command.
You closely miss Robin.
Robin is heavily wounded.
Robin hits you with a +0 short sword.
* * * LOW HITPOINT WARNING * * *
You hit Robin but do no damage.
Robin is heavily wounded.
Robin hits you with a +0 short sword.
You die...
Robin calls out, "Let's celebrate!
Time for a feast!"

#####.### #.....##.. #...#
#.....#### #.### #.....# # #.#
#.....# # ####.#### #.....# #
#.......#####..#.####
#.##.#.....)..##.R.#
#.##g#.>####..####.## #########
#.##@.....##..#####.# #.......#
#.####..#.##....# ##. #.#####.#
#.......#.##..#.# ##
#.#####.##########..........####.
#.##..........# ####.####.#..#.#
.....##.#####.# #..........##
#.#####.# #.#### ######.####.#
#.......# #....# ##.## #..
######### ####.# #...# ##.


You could see Robin.

Vanquished Creatures
  A ribbon worm (D:2)
  2 endoplasms (D:1)
  4 goblins
  3 hobgoblins
  A quokka (D:1)
  A frilled lizard (D:1)
  A rat (D:1)
13 creatures vanquished.

Vanquished Creatures (collateral kills)
  2 endoplasms
  A goblin (D:2)
3 creatures vanquished.

Vanquished Creatures (others)
  3 ancestors
3 creatures vanquished.

Grand Total: 19 creatures vanquished

Notes
Turn   | Place    | Note
-------+----------+-------------------------------------------
     0 | D:1      | Strat the Merfolk Air Elementalist began the quest for the
                  | Orb.
     0 | D:1      | Reached XP level 1. HP: 13/13 MP: 3/3
   130 | D:1      | Reached skill level 1 in Fighting
   226 | D:1      | Reached XP level 2. HP: 18/22 MP: 5/5
   412 | D:1      | Found a faded altar of an unknown god.
   438 | D:1      | Found Ogantad's Distillery.
   453 | D:1      | Prayed at the altar of an unknown god.
   453 | D:1      | Became a worshipper of Hepliaklqana the Forgotten
   453 | D:1      | Reached * piety under Hepliaklqana
  1009 | D:2      | Found a snail-covered altar of Cheibriados.
  1067 | D:2      | Noticed Robin
  1173 | D:1      | HP: 1/20 [Robin/+0 short sword (3)]
  1174 | D:1      | Slain by Robin

Illustrated notes

Levels and vault maps discovered:
D:1:      minmay_arrival_diagonal_passages, layout_loops_cross,
          shapermc_ecumenical_altar_pompeii, serial_shops,
          nicolae_shop_tiny_real_fake_doors
D:2:      layout_basic, basic_altar, minmay_tall_x, uniq_robin

Skill      XL: |  1  2 |
---------------+-------+-----
Fighting       | 1 2 |  2.6
Dodging        | |  2.6
Stealth        | |  2.1
Spellcasting   | |  2.0
Conjurations   | |  0.7
Air Magic      | |  2.4

Action                     || total
---------------------------++-------
  Melee: Dagger            ||    81
         Unarmed           ||    18
         Punch             ||     1
   Cast: Shock             ||     4
 Invoke: Recall Ancestor   ||     2
   Stab: Sleeping          ||     2
 Armour: Robe              ||    13
         Leather armour    ||    32
  Dodge: Dodged            ||    53
